| TOP OF THE 1ST |
|
Tacoma Rainiers batting - Pitching for Durham Bulls : RHP Scott Shank
|
|
Pitching: RHP Scott Shank
|
|
|
Batting: RHB Leon Alders
|
0-0: Foul Ball, location: 2F 0-1: Ball 1-1: Called Strike 1-2: Ball 2-2: Foul Ball, location: 2F 2-2: Foul Ball, location: 2F 2-2: Strikes out swinging
|
|
Batting: RHB Brad Robidas
|
0-0: Ball 1-0: Called Strike 1-1: Ball 2-1: Foul Ball, location: 2F 2-2: Strikes out swinging
|
|
Batting: LHB Ryan Lowe
|
0-0: Ball 1-0: Ball 2-0: Swinging Strike 2-1: Foul Ball, location: 2F 2-2: Foul Ball, location: 2F 2-2: Ball 3-2: Foul Ball, location: 2F 3-2: Foul Ball, location: 2F 3-2: Base on Balls
|
|
Batting: RHB Rick Ellis
|
0-0: Ball 1-0: Ball 2-0: Called Strike 2-1: Called Strike 2-2: Ground out 4-3 (Groundball, 4, EV 82.5 MPH)
|
| Top of the 1st over - 0 runs, 0 hits, 0 errors, 1 left on base; Tacoma 0 - Durham 0 |
| BOTTOM OF THE 1ST |
|
Durham Bulls batting - Pitching for Tacoma Rainiers : RHP Dwain Ashford
|
|
Pitching: RHP Dwain Ashford
|
|
|
Batting: LHB Davion Lewis
|
0-0: Ball 1-0: Ball 2-0: Foul Ball, location: 2F 2-1: Ball 3-1: Base on Balls
|
|
Batting: LHB Jake Rheaume
|
0-0: Ball 1-0: Called Strike 1-1: Foul Ball, location: 2F 1-2: Ball 2-2: Ball 3-2: Foul Ball, location: 2F 3-2: Base on Balls Davion Lewis to second
|
|
Batting: LHB Jimmy Buscemi
|
0-0: Called Strike 0-1: Called Strike 0-2: Strikes out looking
|
|
Batting: RHB Jeff Brower
|
0-0: Called Strike Davion Lewis steals 3rd base Jake Rheaume to second 0-1: Ball 1-1: Swinging Strike 1-2: Ball 2-2: Foul Ball, location: 2F 2-2: Strikes out swinging
|
|
Batting: RHB Paul Landes
|
0-0: Called Strike 0-1: Fly out, F8 (Flyball, 8RS, EV 85.0 MPH)
|
| Bottom of the 1st over - 0 runs, 0 hits, 0 errors, 2 left on base; Tacoma 0 - Durham 0 |
| TOP OF THE 2ND |
|
Tacoma Rainiers batting - Pitching for Durham Bulls : RHP Scott Shank
|
|
Batting: RHB Bill Vives
|
0-0: Called Strike 0-1: SINGLE (Groundball, 56D, EV 102.5 MPH)
|
|
Batting: RHB Tatsunori Hayakawa
|
0-0: Called Strike 0-1: Fly out, F8 (Line Drive, 8RM, EV 103.1 MPH)
|
|
Batting: RHB Kikuo Sato
|
0-0: Foul Ball, location: 2F 0-1: Foul Ball, location: 2F 0-2: Ball 1-2: Ball 2-2: Strikes out swinging
|
|
Batting: RHB David Aguilar
|
0-0: Ball 1-0: Called Strike 1-1: Called Strike 1-2: Ball 2-2: Strikes out swinging
|
| Top of the 2nd over - 0 runs, 1 hit, 0 errors, 1 left on base; Tacoma 0 - Durham 0 |
| BOTTOM OF THE 2ND |
|
Durham Bulls batting - Pitching for Tacoma Rainiers : RHP Dwain Ashford
|
|
Batting: LHB Mario Ocana
|
0-0: Ball 1-0: Swinging Strike 1-1: SINGLE (Flyball, 8LS, EV 93.1 MPH)
|
|
Batting: RHB Dermott Kennelly
|
0-0: Ball 1-0: Ball 2-0: SINGLE (Line Drive, 89M, EV 103.8 MPH) Mario Ocana to second
|
|
Batting: LHB Danny Hull
|
0-0: Ball 1-0: Ball 2-0: Ball 3-0: Base on Balls Mario Ocana to third Dermott Kennelly to second
|
|
Batting: RHB Jesse Haddad
|
0-0: Called Strike 0-1: Ball 1-1: Swinging Strike 1-2: Fly out, F9 (Line Drive, 9, EV 102.5 MPH)
|
|
Batting: LHB Davion Lewis
|
0-0: Foul Ball, location: 2F 0-1: Ball 1-1: Fielders Choice at 2nd, 4-6 (Groundball, 4, EV 107.5 MPH) Mario Ocana scores Dermott Kennelly to third
|
|
Batting: LHB Jake Rheaume
|
0-0: Called Strike 0-1: Swinging Strike 0-2: Ball 1-2: Strikes out swinging
|
| Bottom of the 2nd over - 1 run, 2 hits, 0 errors, 2 left on base; Tacoma 0 - Durham 1 |
| TOP OF THE 3RD |
|
Tacoma Rainiers batting - Pitching for Durham Bulls : RHP Scott Shank
|
|
Batting: LHB Ignacio Bernal
|
0-0: Ball 1-0: Ground out U3 (Groundball, 34, EV 106.2 MPH)
|
|
Batting: RHB Leon Alders
|
0-0: Ball 1-0: Ball 2-0: Ground out 6-3 (Groundball, 6, EV 83.8 MPH)
|
|
Batting: RHB Brad Robidas
|
0-0: Ball 1-0: Ground out 6-3 (Groundball, 56D, EV 90.0 MPH)
|
| Top of the 3rd over - 0 runs, 0 hits, 0 errors, 0 left on base; Tacoma 0 - Durham 1 |
| BOTTOM OF THE 3RD |
|
Durham Bulls batting - Pitching for Tacoma Rainiers : RHP Dwain Ashford
|
|
Batting: LHB Jimmy Buscemi
|
0-0: Ball 1-0: Ball 2-0: Foul Ball, location: 2F 2-1: SINGLE (Groundball, 4MD, EV 107.5 MPH)
|
|
Batting: RHB Jeff Brower
|
0-0: Swinging Strike 0-1: Ball 1-1: Foul Ball, location: 2F 1-2: Strikes out swinging
|
|
Batting: RHB Paul Landes
|
0-0: Called Strike 0-1: Ball 1-1: Foul Ball, location: 2F 1-2: Grounds into double play, 4-6-3 (Groundball, 4, EV 106.9 MPH)
|
| Bottom of the 3rd over - 0 runs, 1 hit, 0 errors, 0 left on base; Tacoma 0 - Durham 1 |
| TOP OF THE 4TH |
|
Tacoma Rainiers batting - Pitching for Durham Bulls : RHP Scott Shank
|
|
Batting: LHB Ryan Lowe
|
0-0: Called Strike 0-1: DOUBLE (Line Drive, 9LM, EV 111.9 MPH)
|
|
Batting: RHB Rick Ellis
|
0-0: Foul Ball, location: 2F 0-1: Ball 1-1: Ball 2-1: Foul Ball, location: 2F 2-2: Ball 3-2: SINGLE (Groundball, 6D, EV 97.5 MPH) Ryan Lowe to third Runner from 3rd tries for Home, SAFE, throw by LF to home
|
|
Batting: RHB Bill Vives
|
0-0: Ball Rick Ellis steals 2nd base 1-0: Ball 2-0: Foul Ball, location: 2F 2-1: Ground out 4-3 (Groundball, 4, EV 79.4 MPH) Rick Ellis to third
|
|
Batting: RHB Tatsunori Hayakawa
|
0-0: Ball 1-0: Ball 2-0: Ball 3-0: Called Strike 3-1: Foul Ball, location: 2F 3-2: Base on Balls
|
|
Batting: RHB Kikuo Sato
|
0-0: Called Strike 0-1: Grounds into double play, 5-4-3 (Groundball, 56, EV 88.8 MPH)
|
| Top of the 4th over - 1 run, 2 hits, 0 errors, 1 left on base; Tacoma 1 - Durham 1 |
| BOTTOM OF THE 4TH |
|
Durham Bulls batting - Pitching for Tacoma Rainiers : RHP Dwain Ashford
|
|
Batting: LHB Mario Ocana
|
0-0: Called Strike 0-1: Ball 1-1: Fly out, F8 (Flyball, 8LM, EV 90.6 MPH)
|
|
Batting: RHB Dermott Kennelly
|
0-0: Swinging Strike 0-1: Foul Ball, location: 2F 0-2: Foul Ball, location: 2F 0-2: Ball 1-2: Ball 2-2: Strikes out looking
|
|
Batting: LHB Danny Hull
|
0-0: SINGLE (Groundball, 34D, EV 99.4 MPH)
|
|
Batting: RHB Jesse Haddad
|
0-0: Ball 1-0: Ball 2-0: Called Strike 2-1: Ground out 4-3 (Groundball, 34, EV 83.8 MPH)
|
| Bottom of the 4th over - 0 runs, 1 hit, 0 errors, 1 left on base; Tacoma 1 - Durham 1 |
| TOP OF THE 5TH |
|
Tacoma Rainiers batting - Pitching for Durham Bulls : RHP Scott Shank
|
|
Batting: RHB David Aguilar
|
0-0: Ball 1-0: Ball 2-0: Ball 3-0: Called Strike 3-1: Foul Ball, location: 2F 3-2: Foul Ball, location: 2F 3-2: Foul Ball, location: 2F 3-2: Fly out, F6 (Popup, 6, EV 55.0 MPH)
|
|
Batting: LHB Ignacio Bernal
|
0-0: Swinging Strike 0-1: Ball 1-1: Ground out U3 (Groundball, 3, EV 86.2 MPH)
|
|
Batting: RHB Leon Alders
|
0-0: Ball 1-0: Ground out 4-3 (Groundball, 4, EV 99.4 MPH)
|
| Top of the 5th over - 0 runs, 0 hits, 0 errors, 0 left on base; Tacoma 1 - Durham 1 |
| BOTTOM OF THE 5TH |
|
Durham Bulls batting - Pitching for Tacoma Rainiers : RHP Dwain Ashford
|
|
Batting: LHB Davion Lewis
|
0-0: Called Strike 0-1: SINGLE (Line Drive, 8LS, EV 93.1 MPH)
|
|
Batting: LHB Jake Rheaume
|
0-0: Called Strike 0-1: Fielders Choice at 2nd, 5-4 (Groundball, 56, EV 84.4 MPH)
|
|
Batting: LHB Jimmy Buscemi
|
0-0: Swinging Strike 0-1: Ball 1-1: Ball Jake Rheaume is caught stealing 2nd base 2-6 2-1: Ball 3-1: Base on Balls
|
|
Batting: RHB Jeff Brower
|
0-0: Called Strike 0-1: Fly out, F9 (Flyball, 89D, EV 108.1 MPH)
|
| Bottom of the 5th over - 0 runs, 1 hit, 0 errors, 1 left on base; Tacoma 1 - Durham 1 |
| TOP OF THE 6TH |
|
Tacoma Rainiers batting - Pitching for Durham Bulls : RHP Scott Shank
|
|
Batting: RHB Brad Robidas
|
0-0: Swinging Strike 0-1: Ball 1-1: Foul Ball, location: 2F 1-2: Strikes out looking
|
|
Batting: LHB Ryan Lowe
|
0-0: Ball 1-0: Ball 2-0: Foul Ball, location: 2F 2-1: Ball 3-1: Base on Balls
|
|
Batting: RHB Rick Ellis
|
0-0: Ball 1-0: Foul Ball, location: 2F 1-1: Fly out, F9 (Flyball, 9S, EV 89.4 MPH)
|
|
Batting: RHB Bill Vives
|
0-0: Called Strike 0-1: Called Strike 0-2: Ball 1-2: Strikes out swinging
|
| Top of the 6th over - 0 runs, 0 hits, 0 errors, 1 left on base; Tacoma 1 - Durham 1 |
| BOTTOM OF THE 6TH |
|
Durham Bulls batting - Pitching for Tacoma Rainiers : RHP Dwain Ashford
|
|
Batting: RHB Paul Landes
|
0-0: Called Strike 0-1: Foul Ball, location: 2F 0-2: Ball 1-2: Foul Ball, location: 2F 1-2: SINGLE (Groundball, 56D, EV 95.0 MPH)
|
|
Pitching: RHP David Lane
|
|
|
Batting: LHB Mario Ocana
|
0-0: Ball 1-0: Called Strike 1-1: Ball 2-1: Ball 3-1: Foul Ball, location: 2F 3-2: Strikes out looking
|
|
Batting: RHB Dermott Kennelly
|
0-0: Ball 1-0: Fly out, F8 (Line Drive, 8RM, EV 92.5 MPH)
|
|
Batting: LHB Danny Hull
|
0-0: Fly out, F6 (Popup, 6MS, EV 83.8 MPH)
|
| Bottom of the 6th over - 0 runs, 1 hit, 0 errors, 1 left on base; Tacoma 1 - Durham 1 |
| TOP OF THE 7TH |
|
Tacoma Rainiers batting - Pitching for Durham Bulls : RHP Scott Shank
|
|
Batting: RHB Tatsunori Hayakawa
|
0-0: Called Strike 0-1: Swinging Strike 0-2: Ground out U3 (Groundball, 34S, EV 73.8 MPH)
|
|
Batting: RHB Kikuo Sato
|
0-0: Ground out 3-1 (Groundball, 34, EV 85.6 MPH)
|
|
Batting: RHB David Aguilar
|
0-0: Foul Ball, location: 2F 0-1: Foul Ball, location: 2F 0-2: Foul Ball, location: 2F 0-2: Ball 1-2: Strikes out swinging
|
| Top of the 7th over - 0 runs, 0 hits, 0 errors, 0 left on base; Tacoma 1 - Durham 1 |
| BOTTOM OF THE 7TH |
|
Durham Bulls batting - Pitching for Tacoma Rainiers : RHP David Lane
|
|
Batting: RHB Jesse Haddad
|
0-0: Called Strike 0-1: Fly out, F9 (Flyball, 9LM, EV 84.4 MPH)
|
|
Batting: LHB Davion Lewis
|
0-0: Ball 1-0: Ground out 4-3 (Groundball, 34, EV 85.6 MPH)
|
|
Batting: LHB Jake Rheaume
|
0-0: Ball 1-0: Swinging Strike 1-1: Ball 2-1: Fly out, F8 (Flyball, 89D, EV 81.9 MPH)
|
| Bottom of the 7th over - 0 runs, 0 hits, 0 errors, 0 left on base; Tacoma 1 - Durham 1 |
| TOP OF THE 8TH |
|
Tacoma Rainiers batting - Pitching for Durham Bulls : RHP Scott Shank
|
|
Batting: LHB Ignacio Bernal
|
0-0: Ball 1-0: DOUBLE (Line Drive, 78D, EV 115.0 MPH)
|
|
Batting: RHB Leon Alders
|
0-0: Ball 1-0: Ground out 6-3 (Groundball, 6, EV 80.0 MPH) Ignacio Bernal to third
|
|
Batting: RHB Brad Robidas
|
0-0: Squeeze Bunt to 5S - play home, runner scores, batter safe! Ignacio Bernal scores
|
|
Pitching: RHP Eric Hudson
|
|
|
Batting: LHB Ryan Lowe
|
0-0: Ball Brad Robidas is caught stealing 2nd base 2-6 1-0: Fly out, F7 (Flyball, 7S, EV 80.0 MPH)
|
| Top of the 8th over - 1 run, 1 hit, 0 errors, 0 left on base; Tacoma 2 - Durham 1 |
| BOTTOM OF THE 8TH |
|
Durham Bulls batting - Pitching for Tacoma Rainiers : RHP David Lane
|
|
Pitching: RHP Victor Cervantes
|
|
|
Batting: LHB Jimmy Buscemi
|
0-0: Fly out, F8 (Line Drive, 78D, EV 101.2 MPH)
|
|
Batting: RHB Jeff Brower
|
0-0: Ball 1-0: Ball 2-0: Called Strike 2-1: Called Strike 2-2: Ball 3-2: Ground out 4-3 (Groundball, 4D, EV 96.9 MPH)
|
|
Pinch Hitting: SHB Brett McEwen
|
0-0: Called Strike 0-1: Ball 1-1: SINGLE (Groundball, 6S, EV 63.1 MPH) (infield hit)
|
|
Batting: LHB Mario Ocana
|
0-0: Ball 1-0: Ball 2-0: Ball 3-0: Base on Balls Brett McEwen to second
|
|
Batting: RHB Dermott Kennelly
|
0-0: Ball 1-0: Swinging Strike 1-1: Ground out 5-3 (Groundball, 25, EV 88.1 MPH)
|
| Bottom of the 8th over - 0 runs, 1 hit, 0 errors, 2 left on base; Tacoma 2 - Durham 1 |
| TOP OF THE 9TH |
|
Tacoma Rainiers batting - Pitching for Durham Bulls : RHP Eric Hudson
|
|
Now at 3B: Jose Vargas
|
|
|
Batting: RHB Rick Ellis
|
0-0: Ball 1-0: Swinging Strike 1-1: Swinging Strike 1-2: Ball 2-2: DOUBLE (Flyball, 8LXD, EV 113.8 MPH)
|
|
Batting: RHB Bill Vives
|
0-0: Called Strike 0-1: Ground out 5-3 (Groundball, 5, EV 110.0 MPH)
|
|
Batting: RHB Tatsunori Hayakawa
|
0-0: Called Strike 0-1: Foul Ball, location: 2F 0-2: Strikes out swinging
|
|
Batting: RHB Kikuo Sato
|
0-0: Called Strike 0-1: Ball 1-1: Called Strike 1-2: Strikes out looking
|
| Top of the 9th over - 0 runs, 1 hit, 0 errors, 1 left on base; Tacoma 2 - Durham 1 |
| BOTTOM OF THE 9TH |
|
Durham Bulls batting - Pitching for Tacoma Rainiers : RHP Victor Cervantes
|
|
Pitching: RHP Omar Colunga
|
|
|
Batting: LHB Danny Hull
|
0-0: Called Strike 0-1: Ball 1-1: Called Strike 1-2: Ball 2-2: Ground out 4-3 (Groundball, 34S, EV 90.0 MPH)
|
|
Pinch Hitting: RHB Kevin Benfield
|
0-0: Ball 1-0: Ball 2-0: Ball 3-0: Called Strike 3-1: Base on Balls
|
|
Batting: LHB Davion Lewis
|
0-0: Ball 1-0: Fielders Choice at 2nd, 4-6 (Groundball, 4, EV 87.5 MPH)
|
|
Batting: LHB Jake Rheaume
|
0-0: Swinging Strike 0-1: SINGLE (Groundball, 4M, EV 108.1 MPH) Davion Lewis to second Runner from 2nd tries for 3rd, SAFE, throw by CF made to third Jake Rheaume to second
|
|
Batting: LHB Jimmy Buscemi
|
0-0: Intentional Walk
|
|
Batting: RHB Jeff Brower
|
0-0: Foul Ball, location: 2F 0-1: Ball 1-1: Swinging Strike 1-2: Strikes out swinging
|
| Bottom of the 9th over - 0 runs, 1 hit, 0 errors, 3 left on base; Tacoma 2 - Durham 1 |
|